 Dungeon Crawl Stone Soup version 0.21.1-1-g345015f (webtiles) character file.

19994 HammerPanzer the Bludgeoner (level 12, -3/175 HPs)
             Began as a Minotaur Berserker on Mar 30, 2018.
             Was the Champion of Trog.
             Slain by an orc warrior
             ... wielding a +0 glaive
              (8 damage)
             ... in a bailey.
             The game lasted 00:38:16 (11995 turns).

HammerPanzer the Bludgeoner (Minotaur Berserker)   Turns: 11995, Time: 00:38:16

Health: -3/175     AC: 25    Str: 34    XL:     12   Next: 41%
Magic:  11/11      EV:  8    Int:  6    God:    Trog [******]
Gold:   854        SH:  0    Dex: 10    Spells: 11/11 levels left

rFire    . . .     SeeInvis .   k - +1 great mace (protect)
rCold    . . .     Gourm    .   (shield currently unavailable)
rNeg     . . .     Faith    .   o - +0 plate armour
rPois    .         Spirit   .   (helmet restricted)
rElec    .         Reflect  .   E - +2 cloak {MR+}
rCorr    .         Harm     +   H - +2 pair of gloves
MR       ++...                  d - +0 pair of boots
Stlth    ..........             e - amulet of harm
HPRegen  0.39/turn              j - ring of protection from magic
MPRegen  0.12/turn              q - +4 ring of strength

@: mighty, berserking (expiring), protection aura, flying, very quick
A: retaliatory headbutt, horns 2
a: Berserk, Trog's Hand, Brothers in Arms, Burn Spellbooks, Renounce Religion


You were in a bailey.
You worshipped Trog.
Trog was exalted by your worship.
You were hungry.

You visited 2 branches of the dungeon, and saw 14 of its levels.
You also visited: Ossuary and Bailey.

You collected 854 gold pieces.

Inventory:

Hand Weapons
 b - a +3 flail of holy wrath
 k - a +1 great mace of protection (weapon)
 I - a +2 antimagic dire flail
Armour
 d - a +0 pair of boots (worn)
 o - a +0 plate armour (worn)
 E - a +2 cloak of magic resistance (worn)
 H - a +2 pair of gloves (worn)
 O - a cursed +0 ring mail
 P - a cursed +0 scale mail
Jewellery
 e - an amulet of harm (around neck)
 i - an uncursed ring of flight
 j - a ring of protection from magic (left hand)
 q - a +4 ring of strength (right hand)
 D - an uncursed ring of protection from cold
Wands
 a - a wand of enslavement (16)
 x - a wand of random effects (25)
 B - a wand of digging (11)
 F - a wand of flame (80)
 K - a wand of disintegration (6)
Scrolls
 n - 3 scrolls of blinking
 r - 4 scrolls of remove curse
 s - 2 scrolls of teleportation
 y - 3 scrolls of enchant weapon
 L - a scroll of holy word {unknown}
Potions
 f - 2 potions of berserk rage
 g - 2 potions of magic
 h - 9 potions of curing
 l - 4 potions of mutation
 m - 3 potions of cancellation
 p - 2 potions of invisibility
 t - 3 potions of lignification {unknown}
 u - 3 potions of might
 v - 2 potions of ambrosia
 w - 2 potions of flight
 z - 2 potions of heal wounds {unknown}
 A - 2 potions of haste {unknown}
 C - 2 potions of resistance
 J - a potion of agility {unknown}
Miscellaneous
 M - a lightning rod (4/4)
Comestibles
 c - 16 rations
 G - 4 chunks of flesh


   Skills:
 + Level 14.2 Fighting
 * Level 18.8 Maces & Flails
 - Level 2.4 Armour
 - Level 2.2 Dodging


You had 11 spell levels left.
You didn't know any spells.

Dungeon Overview and Level Annotations

Branches:
Dungeon (13/15)            Temple (1/1) D:7            Lair (0/6) D:9
    Orc (0/2) D:10
 Vaults: D:13-14

Altars:
Ashenzari
Cheibriados
Dithmenos
Elyvilon
Fedhas
Gozag
Hepliaklqana
Kikubaaqudgha
Makhleb
Nemelex Xobeh
Okawaru
Qazlal
Ru
Sif Muna
Trog
Uskayaw
Vehumet
Wu Jian
Xom
Yredelemnul
Zin
The Shining One

Shops:
D:9 %   D:11 }

Annotations:
D:7 2 transporters
D:9 Blork the orc


Innate Abilities, Weirdness & Mutations

You reflexively headbutt those who attack you in melee.
You have a pair of horns on your head.


Message History

You barely miss the centaur. You headbutt the centaur!
The centaur is heavily wounded.
The centaur hits you but does no damage.
You hit the centaur. You headbutt the centaur.
The centaur is severely wounded.
The centaur hits you but does no damage.
A centaur comes into view. It is wielding a halberd.
You hit the centaur.
The centaur is almost dead.
The orc warrior hits you but does no damage.
The orc warrior hits you from afar with a bardiche!!
* * * LOW HITPOINT WARNING * * *
The centaur barely misses you. You furiously retaliate!
You headbutt the centaur!
You kill the centaur!
Trog accepts your kill.
An orc comes into view. It is wielding an enchanted trident.
You feel a strong urge to attack something.
The orc warrior hits you from afar with a glaive!
You die...

#≈≈≈≈≈≈≈..≈≈≈
#≈≈≈≈≈..≈≈≈.o
#≈≈≈≈.≈≈≈....
#≈≈≈≈.≈.....≈
#≈≈≈.≈≈.o..≈≈
#≈≈≈.≈.o...≈c
#≈≈.≈≈)...≈≈≈
#≈≈@≈)....≈o≈
#≈≈)≈.....≈≈≈
#≈≈.≈o....≈≈≈)
#≈≈.≈.....≈≈≈)≈≈≈...
#≈≈.≈.....≈≈≈≈≈≈≈...
#≈≈)≈≈....≈≈≈≈≈≈≈...
#≈≈≈.≈.....≈≈≈≈≈....
#≈≈≈.≈≈.⌠..≈≈≈≈≈..⌠.
#≈≈≈≈.≈.....≈≈≈.....


You could see 3 orc warriors.

Vanquished Creatures
  The ghost of xccam the Basher, a journeyman FoFi of Cheibriados (D:11)
  The ghost of HammerPanzer the Basher, a journeyman MiBe of Trog (D:11)
  The ghost of Ratty the Sharpshooter, a journeyman CeBe of Trog (D:11)
  Erolcha (D:11)
  A centaur warrior (D:10)
  5 two-headed ogres
  An unseen horror (D:12)
  Pikel (D:5)
  A deep elf mage (D:11)
  A cyclops (D:12)
  2 gargoyles
  A kobold demonologist (D:13)
  A troll (D:11)
  Prince Ribbit (D:5)
  3 hippogriffs
  5 yaks (D:9)
  A spriggan (D:11)
  3 hungry ghosts
  4 vampire mosquitoes (D:12)
  Edmund (D:4)
  An acid dragon (D:11)
  Duvessa (D:7)
  2 water moccasins
  7 orc warriors
  3 sky beasts
  3 ice beasts
  2 eyes of draining
  10 centaurs
  2 phantoms
  7 ogres
  7 bullfrogs
  A gnoll sergeant (D:8)
  Dowan (D:7)
  2 wyvern skeletons
  7 scorpions
  9 killer bees
  8 wights
  5 howler monkeys
  5 crimson imps
  A bullfrog zombie (D:6)
  4 centaur zombies
  2 jellies
  A quasit (D:7)
  4 centaur skeletons
  5 hounds
  2 orc priests
  Crazy Yiuf (D:7)
  A bullfrog skeleton (D:9)
  3 iron imps (D:4)
  4 iguanas
  Natasha (twice) (D:3)
  8 orc wizards
  5 worker ants
  A hound zombie (D:8)
  A hound skeleton (D:6)
  2 mummies (Ossuary)
  Robin (D:3)
  9 gnolls
  12 adders
  4 shadow imps
  An ooze (D:1)
  An adder zombie (D:9)
  An adder skeleton (D:5)
  4 worms
  2 dart slugs
  4 leopard geckos
  43 orcs
  9 giant cockroaches
  17 goblins
  12 hobgoblins
  11 jackals
  4 quokkas
  2 ball pythons
  4 bats
  3 frilled lizards
  2 gnoll zombies (Ossuary)
  A goblin zombie (Ossuary)
  2 hobgoblin zombies (Ossuary)
  A jackal zombie (D:5)
  14 kobolds
  A kobold zombie (Ossuary)
  7 rats
  A fungus (D:4)
339 creatures vanquished.

Vanquished Creatures (others)
  3 slaves (D:5)
  A sky beast (D:5)
  A jelly (D:5)
  An orc wizard (D:5)
  3 orcs (D:5)
  A quokka (D:5)
10 creatures vanquished.

Grand Total: 349 creatures vanquished

Notes
Turn   | Place    | Note
-------+----------+-------------------------------------------
     0 | D:1      | HammerPanzer the Minotaur Berserker began the quest for the Orb.
     0 | D:1      | Reached XP level 1. HP: 19/19 MP: 0/0
   203 | D:1      | Reached skill level 4 in Maces & Flails
   205 | D:1      | Reached XP level 2. HP: 19/27 MP: 1/1
   408 | D:1      | Reached XP level 3. HP: 30/33 MP: 2/2
   935 | D:2      | Reached skill level 5 in Maces & Flails
   966 | D:2      | Found an ancient bone altar of Kikubaaqudgha.
   983 | D:2      | Reached ** piety under Trog
  1002 | D:2      | Reached XP level 4. HP: 12/41 MP: 3/3
  1703 | D:2      | Reached skill level 6 in Maces & Flails
  1703 | D:2      | Reached XP level 5. HP: 45/47 MP: 4/4
  1861 | D:3      | Found a stormy altar of Qazlal.
  1910 | D:3      | Reached skill level 5 in Fighting
  1971 | D:3      | Reached *** piety under Trog
  1972 | D:3      | Found a radiant altar of Vehumet.
  2028 | D:3      | Noticed Natasha
  2036 | D:3      | Killed Natasha
  2252 | D:3      | Noticed Robin
  2277 | D:3      | Killed Robin
  2434 | D:3      | Noticed Natasha
  2441 | D:3      | Killed Natasha
  2441 | D:3      | Reached skill level 7 in Maces & Flails
  2459 | D:4      | Reached XP level 6. HP: 55/56 MP: 5/5
  2589 | D:4      | Noticed Edmund
  2605 | D:4      | Killed Edmund
  2884 | D:4      | Reached skill level 8 in Maces & Flails
  2890 | D:4      | Reached XP level 7. HP: 54/63 MP: 6/6
  2902 | D:4      | Found a burning altar of Makhleb.
  3306 | D:4      | Reached **** piety under Trog
  3415 | D:5      | Entered Level 5 of the Dungeon
  3465 | D:5      | Reached skill level 9 in Maces & Flails
  3585 | D:5      | Noticed Prince Ribbit
  3587 | D:5      | Noticed a two-headed ogre
  3642 | D:4      | HP: 1/96 [two-headed ogre/dire flail (10)]
  3645 | D:4      | Killed a two-headed ogre
  3645 | D:4      | Reached skill level 10 in Maces & Flails
  3645 | D:4      | Reached XP level 8. HP: 1/74 MP: 7/7
  4047 | D:5      | Noticed Pikel
  4060 | D:5      | Killed Pikel
  4060 | D:5      | Reached skill level 11 in Maces & Flails
  4230 | D:5      | Reached XP level 9. HP: 82/82 MP: 8/8
  4523 | D:5      | Killed Prince Ribbit
  4523 | D:5      | Reached skill level 12 in Maces & Flails
  4734 | D:6      | Found a sand-covered staircase.
  4743 | Ossuary  | Entered an ossuary
  5345 | D:6      | Reached skill level 13 in Maces & Flails
  5449 | D:7      | Reached skill level 10 in Fighting
  5461 | D:7      | Noticed Duvessa
  5462 | D:7      | Noticed Dowan
  5492 | D:7      | Found a staircase to the Ecumenical Temple.
  5782 | D:7      | Reached ***** piety under Trog
  5836 | D:7      | Found a runed door.
  5840 | D:7      | Noticed Crazy Yiuf
  5844 | D:7      | Killed Crazy Yiuf
  5942 | D:7      | Killed Duvessa
  5959 | D:7      | Killed Dowan
  6009 | D:7      | Reached XP level 10. HP: 48/94 MP: 9/9
  6245 | D:7      | Found a transporter.
  6299 | D:7      | Found a transporter.
  6304 | D:7      | Reached skill level 14 in Maces & Flails
  6542 | Temple   | Entered the Ecumenical Temple
  6736 | D:8      | Noticed a two-headed ogre
  6744 | D:8      | Killed a two-headed ogre
  6922 | D:8      | Found an iron altar of Okawaru.
  7367 | D:8      | Found a blossoming altar of Fedhas.
  7716 | D:8      | Found a white marble altar of Elyvilon.
  8288 | D:9      | Noticed a two-headed ogre
  8296 | D:9      | Killed a two-headed ogre
  8296 | D:9      | Reached skill level 15 in Maces & Flails
  8443 | D:9      | Noticed a two-headed ogre
  8459 | D:9      | Killed a two-headed ogre
  8540 | D:9      | Reached XP level 11. HP: 104/104 MP: 10/10
  8639 | D:9      | Found Vovug's Food Boutique.
  8651 | D:9      | Found a staircase to the Lair.
  8729 | D:9      | Noticed Blork the orc
  8758 | D:9      | Found a deep blue altar of Sif Muna.
  8804 | D:10     | Entered Level 10 of the Dungeon
  8912 | D:9      | Reached skill level 16 in Maces & Flails
  9202 | D:10     | Noticed a centaur warrior
  9213 | D:10     | Killed a centaur warrior
  9352 | D:10     | Received a gift from Trog
  9523 | D:10     | Noticed a two-headed ogre
  9527 | D:10     | Killed a two-headed ogre
  9601 | D:10     | Found a staircase to the Orcish Mines.
  9784 | D:11     | Noticed a deep elf mage
  9793 | D:11     | Killed a deep elf mage
  9795 | D:11     | Reached skill level 17 in Maces & Flails
  9997 | D:11     | Noticed xccam's ghost (journeyman FoFi)
 10008 | D:11     | Killed xccam's ghost
 10057 | D:11     | Noticed Ratty's ghost (journeyman CeBe)
 10064 | D:11     | Killed Ratty's ghost
 10169 | D:11     | Noticed HammerPanzer's ghost (journeyman MiBe)
 10175 | D:11     | Killed HammerPanzer's ghost
 10643 | D:11     | Reached XP level 12. HP: 115/115 MP: 11/11
 10889 | D:11     | Reached skill level 18 in Maces & Flails
 10911 | D:11     | Found Qyizohe's Gadget Emporium.
 10931 | D:11     | Noticed Erolcha
 10937 | D:11     | Killed Erolcha
 11477 | D:12     | Received a gift from Trog
 11503 | D:12     | Noticed a death knight
 11508 | D:13     | Found a flagged portal.
 11519 | Bailey   | Entered a bailey
 11984 | Bailey   | Reached ****** piety under Trog
 11993 | Bailey   | HP: 4/175 [orc warrior/bardiche (21)]
 11995 | Bailey   | Slain by an orc warrior

Skill      XL: |  1  2  3  4  5  6  7  8  9 10 11 12 |
---------------+-------------------------------------+-----
Maces & Flails | 4 5 6 7 8 10 11 13 15 17 18 | 18.8
Fighting       | 4 5 6 8 10 12 13 14 | 14.2
Armour         | |  2.4
Dodging        | |  2.2

Action                   |  1- 3 |  4- 6 |  7- 9 | 10-12 || total
-------------------------+-------+-------+-------+-------++-------
Melee: Mace              |    58 |    74 |       |       ||   132
       Headbutt          |    11 |    23 |    45 |    77 ||   156
       Flail             |       |    60 |   208 |   203 ||   471
       Great mace        |       |       |       |   194 ||   194
Throw: Javelin           |       |       |       |     5 ||     5
Invok: Berserk           |       |     1 |     3 |    12 ||    16
       Burn Spellbooks   |       |       |     1 |       ||     1
  Use: Scroll            |       |       |    13 |     9 ||    22
       Potion            |       |       |       |     5 ||     5
  Eat: Chunk             |       |     7 |    10 |    17 ||    34
       Ration            |       |       |     1 |     5 ||     6
Armor: Animal skin       |    12 |    31 |       |       ||    43
       Leather armour    |       |     4 |       |       ||     4
       Chain mail        |       |       |    39 |       ||    39
       Plate armour      |       |       |    71 |   336 ||   407
Dodge: Dodged            |    41 |    88 |    59 |   196 ||   384
